 Dungeon Crawl Stone Soup version 0.28-a0-691-gad6df49e81 (webtiles) character file.

Game seed: 13894453331048512970

8 voltaire321 the Charlatan (level 2, -2/21 HPs)
             Began as a Demonspawn Artificer on Oct 20, 2021.
             Slain by a quokka (4 damage)
             ... on level 1 of the Dungeon.
             The game lasted 00:01:11 (552 turns).

voltaire321 the Charlatan (Demonspawn Artificer)     Turns: 552, Time: 00:01:12

Health: -2/21      AC:  4    Str: 12    XL:     2   Next: 0%
Magic:  2/2        EV: 11    Int: 12    God:
Gold:   58         SH:  0    Dex: 13    Spells: 1/1 levels left

rFire   . . .      SeeInvis .   a - +0 club
rCold   . . .      Faith    .   (no shield)
rNeg    . . .      Spirit   .   b - +0 leather armour
rPois   .          Reflect  .   (no helmet)
rElec   .          Harm     .   (no cloak)
rCorr   .          Rampage  .   i - +0 pair of gloves
Will    .....                   (no boots)
Stlth   +.........              (no amulet)
HPRegen 0.07/turn               (no ring)
MPRegen 0.08/turn               (no ring)

@: no status effects
A: demonic magic 1
a: no special abilities


You were on level 1 of the Dungeon.
You visited 1 branch of the dungeon, and saw 1 of its levels.

You collected 58 gold pieces.

Inventory:

Hand Weapons
 a - a +0 club (weapon)
Missiles
 h - 13 poisoned darts
Armour
 b - a +0 leather armour (worn)
 i - a +0 pair of gloves (worn)
Wands
 c - a wand of flame (15) (quivered)
 d - a wand of charming (15)
Scrolls
 j - a scroll of teleportation {unknown}
Potions
 f - a potion of brilliance {unknown}
 g - a potion of magic {unknown}
 k - a potion of heal wounds {unknown}
Miscellaneous
 e - a piece from Xom's chessboard (15/15)


   Skills:
 + Level 1.2 Fighting
 + Level 2.0 Armour
 + Level 1.1 Dodging
 - Level 0.8 Stealth
 + Level 3.1 Evocations


You had one spell level left.
You didn't know any spells.
Your spell library was empty.

Dungeon Overview and Level Annotations

Branches:
Dungeon (1/15)

Altars:


Innate Abilities, Weirdness & Mutations

Spells you cast may paralyse adjacent enemies.


Message History

The dart slug is moderately wounded.
The dart slug launches a dart at you. The slug dart hits you.
You hit the dart slug but do no damage.
The dart slug is moderately wounded.
The dart slug bites you but does no damage.
You hit the dart slug but do no damage.
The dart slug is moderately wounded.
The dart slug closely misses you. The quokka bites you.
You hit the dart slug but do no damage.
The dart slug is moderately wounded.
The quokka bites you but does no damage.
The dart slug launches a dart at you.
The slug dart hits you but does no damage.
The quokka bites you.
You hit the dart slug.
The dart slug is heavily wounded.
The quokka bites you. The dart slug barely misses you.
You hit the dart slug but do no damage.
The dart slug is heavily wounded.
The quokka bites you but does no damage.
The dart slug bites you.
* * * LOW HITPOINT WARNING * * *
The quokka barely misses you.
You hit the dart slug.
You kill the dart slug!
The quokka misses you. The quokka bites you.
* * * LOW HITPOINT WARNING * * *
Your Armour skill increases to level 2!
You have reached level 2!
Your demonic ancestry asserts itself...
A menacing aura infuses your magic.
You barely miss the quokka. The quokka closely misses you.
You barely miss the quokka. The quokka bites you.
* * * LOW HITPOINT WARNING * * *
The quokka barely misses you.
You hit the quokka but do no damage.
The quokka bites you but does no damage. x2
You closely miss the quokka. The quokka bites you.
You die...

...#.......##.
...#######.##.
########.. #....#.#..
#......#.. #.##.#.#..
#......#... #.#.......
#......##.# #.#.......
.#.#......##.#
#.#.......
...........#.#
#.#......#
#..†r@..#.###.##.###..
#...#.###.#..)..##.#
###
#........†#..#####.# #
..###.#.....# #.
#.........#..# #
........##.#
........##.#
...........#
.......#####


You could see a quokka.

Vanquished Creatures
  A dart slug (D:1)
  2 kobolds (D:1)
  2 bats (D:1)
  3 frilled lizards (D:1)
8 creatures vanquished.

Notes
Turn   | Place    | Note
-------+----------+-------------------------------------------
     0 | D:1      | voltaire321 the Demonspawn Artificer began the quest for
                  | the Orb.
     0 | D:1      | Reached XP level 1. HP: 15/15 MP: 1/1
   379 | D:1      | Reached skill level 1 in Dodging
   397 | D:1      | Found a faded altar of an unknown god.
   548 | D:1      | Gained mutation: Spells you cast may paralyse adjacent
                  | enemies. [demonic ancestry]
   548 | D:1      | Reached XP level 2. HP: 2/21 MP: 2/2
   549 | D:1      | HP: 1/21 [quokka (1)]
   552 | D:1      | Slain by a quokka

Illustrated notes

Levels and vault maps discovered:
D:1:      sevenhm_arrival_forest_fort_large_4, layout_basic,
          hellmonk_ecumenical_altar_pennies_from_heaven

Skill      XL: |  1 |
---------------+----+-----
Dodging        | 1 |  1.1
Armour         | 2 |  2.0
Fighting       | |  1.2
Stealth        | |  0.8
Evocations     | |  3.1

Action                   || total
-------------------------++-------
Melee: Club              ||    31
Armor: Leather armour    ||    12
Dodge: Dodged            ||    18

Table legend: (Time is in decaauts)
 A = Elapsed time spent in this place.
 B = Non-inter-level travel time spent in this place.
 C = Inter-level travel time spent in this place.
 D = Time resting spent in this place.
 E = Time spent auto-exploring this place.
 F = Levels seen in this place.
 G = Mean time per level.
                   A        B        C        D        E       F      G
               +--------+--------+--------+--------+--------+-----+--------+
         Total |    562 |    562 |      0 |      0 |    450 |   1 |  562.0 |
       Dungeon |    562 |    562 |      0 |      0 |    450 |   1 |  562.0 |
               +--------+--------+--------+--------+--------+-----+--------+

Top non-repeatable levels by time:
     D:1: 562 daAuts
